AoeStats
← VidelaMVSS

Arabia

510588607Analyzed
2v2 RM · 21h ago on Oct 1, 2026· 22m 9s· 4 players
Game mode
Random Map
Map size
Medium (4 player)
Population
200
Speed
Normal
Resources
Standard
Victory
Conquest
Starting age
Dark Age
Ending age
Imperial Age
RankedLock teamsTeams togetherTeam positionsShared explorationLock speedFull tech treeHidden civsTurbo modeCheats
Victory
Defeat
🇪🇸 Huns · Spain
940
+41
🇦🇷 Aztecs · Argentina
856
+17
🇧🇷 Ethiopians · Brazil
891
-16
🇵🇪 Saracens · Peru
879
-15
BR Machado
11:51 Feudal Age
11:28 Loom
13:47 Fletching
15:26 Double-Bit Axe
16:07 Gold Mining
24:21 Castle Age
Miguel Angel
1:34 Loom
JCM
9:28 Loom
12:54 Feudal Age
18:02 Castle Age
16:09 Double-Bit Axe
17:42 Scale Mail Armor
19:28 Horse Collar
20:58 Squires
21:28 Chain Mail Armor
VidelaMVSS
12:44 Feudal Age
13:56 Double-Bit Axe
15:55 Bloodlines
15:42 Loom
16:00 Horse Collar
16:40 Scale Barding Armor
16:45 Forging
Connection lost

Rejoining the realm…

Still unreachable

The connection could not be restored.

Session expired

The server has moved on; the page needs a fresh start.